 Dungeon Crawl Stone Soup version 0.29.1-14-g9c671dbff4 (webtiles) character file.

Game seed: 7779884183400634572

13 Ast3rio the Trooper (level 2, -5/24 HPs)
             Began as a Vampire Abyssal Knight on Feb 10, 2023.
             Was a Believer of Lugonu.
             Slain by a worm (11 damage)
             ... on level 2 of the Dungeon on Feb 13, 2023.
             The game lasted 00:07:29 (1559 turns).

Ast3rio the Trooper (Vampire Abyssal Knight)        Turns: 1559, Time: 00:07:30

Health: -5/24      AC:  3    Str: 12    XL:     2   Next: 24%
Magic:  3/3        EV: 12    Int: 12    God:    Lugonu [**....]
Gold:   66         SH:  0    Dex: 14    Spells: 1/1 levels left

rFire   . . .      SeeInvis +   a - +1 short sword
rCold   . . .      Faith    .   (no shield)
rNeg    . . .      Spirit   .   b - +0 leather armour
rPois   .          Reflect  .   (no helmet)
rElec   .          Harm     .   (no cloak)
rCorr   +          Rampage  .   (no gloves)
Will    .....                   (no boots)
Stlth   +.........              (no amulet)
HPRegen 0.28/turn               h - ring of resist corrosion
MPRegen 0.08/turn               (no ring)

@: healing quickly
A: alive, fangs 3, see invisible, vampiric 1
a: Exsanguinate, Renounce Religion, Depart the Abyss, Bend Space


You were on level 2 of the Dungeon.
You worshipped Lugonu.
Lugonu was pleased with you.
You visited 1 branch of the dungeon, and saw 2 of its levels.
You visited the Abyss 1 time.

You collected 66 gold pieces.

Inventory:

Hand Weapons
 a - a +1 short sword (weapon)
Armour
 b - a +0 leather armour (worn)
Jewellery
 h - a ring of resist corrosion (left hand)
Scrolls
 d - a scroll of fear {unknown}
 e - a scroll of teleportation {unknown}
 f - a scroll of enchant armour {unknown}
 i - 2 scrolls of identify {unknown}
 j - a scroll of amnesia {unknown}
Potions
 c - a potion of flight {unknown}
 g - a potion of attraction {unknown}


   Skills:
 + Level 3.1 Fighting
 + Level 2.4 Short Blades
 + Level 1.0 Armour
 + Level 2.2 Dodging
 + Level 1.6 Invocations


You had one spell level left.
You didn't know any spells.
Your spell library contained the following spells:

 Spells                   Type           Power      Damage    Failure   Level
 Inner Flame              Hex/Fire       0%         N/A       77%         3
 Cause Fear               Hex            0%         N/A       99%         4
 Discord                  Hex            0%         N/A       100%        8


Dungeon Overview and Level Annotations

Branches:
Dungeon (2/15)

Altars:


Innate Abilities, Weirdness & Mutations

Your natural rate of healing is accelerated.
You have razor-sharp teeth.
You have supernaturally acute eyesight. (SInv)
You are afflicted with vampirism.


Message History

Lugonu accepts your kill.
Things that are here:
a +0 dagger; 4 stones
Things that are here:
a +0 dagger; 4 stones A worm comes into view.
Found a scroll labelled CALIVIOMUTH.
You hit the worm.
The worm is moderately wounded.
The worm bites you.
You hit the worm.
The worm is moderately wounded.
You barely miss the worm.
The worm is moderately wounded.
The worm closely misses you.
You hit the worm but do no damage.
The worm is moderately wounded.
You barely miss the worm.
The worm is moderately wounded.
The worm bites you.
You hit the worm. You bite the worm, but do no damage.
The worm is moderately wounded.
You hit the worm.
The worm is heavily wounded.
The worm bites you!
* * * LOW HITPOINT WARNING * * *
You barely miss the worm.
The worm is heavily wounded.
The worm barely misses you.
You hit the worm but do no damage. Your bite misses the worm.
The worm is heavily wounded.
You hit the worm. You bite the worm.
The worm is severely wounded.
The worm barely misses you.
You hit the worm. Your punch misses the worm.
The worm is severely wounded.
You hit the worm.
The worm is almost dead.
The worm bites you!
You die...

### #... ##.... #?....
####################.....
#.......@w...............
###)#...###.....######....
#...........##### #...
###...#..#### ###.#
###....†.### #...#
#####.!..#########.###
###...............
#......<.#####.###
#.#####..# #..#


You could see a worm.

Vanquished Creatures
  2 bats (D:1)
  An endoplasm (D:2)
  2 giant cockroaches
  2 hobgoblins (D:1)
  3 frilled lizards
  2 kobolds (D:2)
  A rat (D:1)
13 creatures vanquished.

Notes
Turn   | Place    | Note
-------+----------+-------------------------------------------
     0 | Abyss:1  | Ast3rio the Vampire Abyssal Knight began the quest for the
                  | Orb.
     0 | Abyss:1  | Reached XP level 1. HP: 17/17 MP: 2/2
     1 | D:1      | Escaped the Abyss
   377 | D:1      | Found a faded altar of an unknown god.
   523 | D:1      | Reached skill level 3 in Fighting
   608 | D:1      | Reached XP level 2. HP: 24/24 MP: 3/3
  1139 | D:1      | Upgraded the game from 0.29.1-13-g9f3cf754e1 to
                  | 0.29.1-14-g9c671dbff4
  1386 | D:2      | Reached skill level 1 in Armour
  1559 | D:2      | Slain by a worm

Illustrated notes

Levels and vault maps discovered:
D:1:      lemuel_arrival_tunnels, layout_loops_corners,
          ebering_ecumenical_altar_mist
D:2:      layout_rooms

Skill      XL: |  1  2 |
---------------+-------+-----
Fighting       | 3 |  3.1
Armour         | 1 |  1.0
Short Blades   | |  2.4
Dodging        | |  2.2
Invocations    | |  1.6

Action                   || total
-------------------------++-------
Melee: Short sword       ||    61
       Bite              ||     6
Armor: Leather armour    ||    25
Dodge: Dodged            ||    51
